 Dungeon Crawl Stone Soup version 0.20.1-1-g8b1a95d (webtiles) character file.

67886 Irenicus the Severer (level 14, -25/132 HPs)
             Began as a Deep Dwarf Necromancer on Nov 1, 2017.
             Was the Champion of Makhleb.
             Annihilated by Donald
             ... wielding a +2 demon trident of draining
              (35 damage)
             ... on level 4 of the Swamp.
             The game lasted 01:31:16 (15599 turns).

Irenicus the Severer (Deep Dwarf Necromancer)      Turns: 15599, Time: 01:31:23

Health: -25/132    AC: 11    Str: 10    XL:     14   Next: 84%
Magic:  7/30       EV: 24    Int: 22    God:    Makhleb [******]
Gold:   1282       SH:  4    Dex: 19    Spells: 4/17 levels left

rFire    . . .     SeeInvis .   o - +3 broad axe of the Solstice {flame, Dex+2}
rCold    + . .     Gourm    +   (no shield)
rNeg     + . .     Faith    .   V - +1 steam dragon scales
rPois    +         Spirit   .   W - +2 hat {Int+3}
rElec    .         Reflect  .   P - +0 cloak
rCorr    .         Harm     .   v - +0 pair of gloves
MR       ++...                  U - +0 pair of boots
Stlth    +.........             m - amulet of the gourmand
Regen    0.0/turn               E - ring of magical power
MPRegen  0.3/turn               A - ring "Gecad" {*Contam rPois Int+4 Stlth-}

@: non-regenerating, drained
A: damage resistance, heal wounds, hooves 1, repulsion field 1, large bone
plates 1, cold resistance 1, dopey 1, negative energy resistance 1, sense
surroundings 2, weak 1, evolution 1, no potion heal 1, no regeneration
a: Heal Wounds, Minor Destruction, Lesser Servant of Makhleb, Major Destruction,
Greater Servant of Makhleb, Renounce Religion


You were on level 4 of the Swamp.
You worshipped Makhleb.
Makhleb was exalted by your worship.
You were not hungry.

You visited 5 branches of the dungeon, and saw 26 of its levels.

You collected 2151 gold pieces.
You spent 869 gold pieces at shops.

Inventory:

Hand Weapons
 o - the +3 broad axe of the Solstice (weapon) {flame, Dex+2}
   (You bought it in a shop on level 2 of the Orcish Mines)

   It has been specially enchanted to burn those struck by it, causing extra
   injury to most foes and up to half again as much damage against particularly
   susceptible opponents.
   Big, fiery blades are also staple armaments of hydra-hunters.
   It affects your dexterity (+2).
 D - a +1 war axe of freezing
 Q - a +2 executioner's axe of chopping
 X - a +0 hand axe of electrocution
Armour
 v - a +0 pair of gloves (worn)
 P - a +0 cloak (worn)
 U - a +0 pair of boots (worn)
 V - +1 steam dragon scales (worn)
 W - a +2 hat of intelligence (worn)
Jewellery
 a - an uncursed ring of poison resistance
 b - an uncursed ring of protection from cold
 m - an amulet of the gourmand (around neck)
 x - a +3 ring of slaying
 A - the ring "Gecad" (right hand) {*Contam rPois Int+4 Stlth-}
   (You found it on level 5 of the Lair of Beasts)

   [ring of loudness]

   It affects your intelligence (+4).
   It protects you from poison.
   It causes magical contamination when unequipped.
   It makes you less stealthy.
 B - an uncursed ring of resist corrosion {unknown}
 E - a ring of magical power (left hand)
 K - an uncursed ring of flight
 Z - an uncursed ring of protection from magic
Wands
 g - a wand of flame (11/48)
 l - a wand of acid (0/15)
 w - a wand of random effects (16/48)
 H - a wand of digging (13/24)
 N - a wand of iceblast (6/15)
 R - a wand of flame (23/48)
 T - a wand of lightning (6/15)
Scrolls
 d - 2 scrolls of enchant armour
 f - a scroll of magic mapping
 k - a scroll of recharging
 n - 6 scrolls of teleportation
 p - 6 scrolls of enchant weapon
 u - 13 scrolls of remove curse
 G - 2 scrolls of fear
 I - 3 scrolls of silence
 J - 2 scrolls of fog
 M - 7 scrolls of identify
 S - 2 scrolls of immolation
Potions
 e - a potion of might
 h - 5 potions of curing
 i - 3 potions of brilliance
 q - a potion of resistance
 s - 2 potions of magic
 z - 2 potions of haste
 C - 3 potions of agility
 L - 4 potions of mutation
 Y - 2 potions of ambrosia
Miscellaneous
 r - a lightning rod (1/4)
 y - a phial of floods
Comestibles
 c - 10 bread rations
 j - 10 meat rations
 F - 10 royal jellies
 O - 33 fruits


   Skills:
 + Level 10.1(8.8) Fighting
 - Level 19.0(17.4) Axes
 - Level 13.0(11.6) Dodging
 - Level 2.4(1.3) Stealth
 - Level 2.0(1.0) Spellcasting
 - Level 9.0(7.7) Necromancy
 - Level 10.5(9.2) Invocations


You had 4 spell levels left.
You knew the following spells:

 Your Spells              Type           Power        Failure   Level  Hunger
a - Pain                  Necr           ####         1%          1    ##.....
b - Animate Skeleton      Necr           N/A          1%          1    ##.....
c - Control Undead        Necr           #####.....   6%          4    #####..
d - Animate Dead          Necr           N/A          6%          4    #####..
e - Vampiric Draining     Necr           #####.....   1%          3    ####...


Dungeon Overview and Level Annotations

Branches:
Dungeon (13/15)            Temple (1/1) D:7            Lair (6/6) D:10
  Swamp (4/4) Lair:4        Snake (0/4) Lair:2        Slime (0/5) Lair:6
    Orc (2/2) D:9             Elf (0/3) Orc:2
 Vaults: D:13-14

Altars:
Ashenzari
Cheibriados
Dithmenos
Elyvilon
Fedhas
Gozag
Hepliaklqana
Kikubaaqudgha
Makhleb
Nemelex Xobeh
Qazlal
Ru
Sif Muna
Trog
Uskayaw
Vehumet
Xom
Yredelemnul
Zin
The Shining One
Jiyva

Shops:
D:9 *   D:12 *   Orc:2 (}((?

Annotations:
D:4 exclusion: ogre
D:8 exclusion: 2 doors, Jazqa's ghost, novice NaFi
D:12 exclusion: downstairs
Swamp:4 Donald


Innate Abilities, Weirdness & Mutations

You are resistant to damage.
You can heal yourself by infusing magical energy.
You resist negative energy. (rN+)
You passively map the area around you.
You do not regenerate.
You have large cloven feet.
You are surrounded by a mild repulsion field. (EV +2)
You are partially covered in large bone plates. (SH +4)
Your flesh is cold resistant. (rC+)
You are dopey. (Int -2)
You are weak. (Str -2)
You evolve.
Potions are less effective at restoring your health.


Message History

Donald is moderately wounded.
You feel life coursing into your body.
The swamp drake moves out of view.
Donald completely misses you.
You hear a distant blaring wail to the west.
The lindwurm bites your spriggan zombie!!
Your spriggan zombie is destroyed!
You hear a splash. x2
Casting: Vampiric Draining
Confirm with . or Enter, or press ? or * to list all spells.
Aiming: Vampiric Draining
Press: ? - help, Shift-Dir - straight line, f/p - Donald
Aim: Donald, wielding a demon trident of draining, wearing a glowing plate armour and wearing a shield (moderately wounded, fast, unusually strong) Donald is moderately wounded.
You feel life coursing into your body.
Donald hits you with a demon trident of draining!!
* * * LOW HITPOINT WARNING * * *
You partially resist.
You feel drained. Donald makes a rude gesture at you.
Donald hits you with a demon trident of draining!!!
You die...

.≈≈≈≈≈≈≈≈♣..≈♣♣....≈..♣♣
≈..≈≈≈≈≈≈≈♣.≈♣≈≈≈≈≈≈≈.≈♣
♣≈≈≈♣♣♣♣≈≈.....≈♣≈≈≈≈..♣♣
#♣.♣ ##♣≈...≈≈♣≈.≈≈.≈§♣♣
#♣ #♣♣♣...[♣..≈....♣ * ,
*#♣..†≈..♣♣♣♣♣♣ ≈ ,
*#♣.≈≈†.♣ ≈≈ ≈, ≈ ,
#♣.≈≈♣♣ ≈ ≈ , ,≈*♣@.♣♣ ,
, , *#♣@♣♣ * ≈ ♣.k♣ ,
♣)♣♣ , ≈ , ≈ ♣D§♣ ,
.$.≈≈≈D=§♣ , ,,,
♣♣♣♣..♣≈♣♣ ≈, , , ♣.♣♣♣♣
≈ , ≈ ,.≈.


You could see Donald, a six-headed hydra, a swamp dragon and a lindwurm.

Vanquished Creatures
  Gastronok (D:9)
  The ghost of Frank the Fencer, a journeyman OpFi (Orc:2)
  Harold (Lair:2)
  6 hydras
  A death knight (D:13)
  A two-headed ogre (D:9)
  Urug (D:11)
  2 orc high priests (Orc:2)
  A skeletal warrior (D:12)
  An unseen horror (D:12)
  A spriggan druid (Swamp:4)
  The ghost of geeseburger the Basher, a novice GrFi of Okawaru (D:7)
  A swamp dragon (Lair:4)
  4 orc knights (Orc:2)
  An oklob plant (Lair:1)
  3 orc sorcerers
  An ugly thing (D:12)
  Maurice (D:8)
  A black mamba (Lair:5)
  10 elephants
  A torpor snail (Lair:5)
  Psyche (D:8)
  9 spiny frogs
  8 komodo dragons
  2 hellwings (D:10)
  6 rime drakes (Lair:5)
  2 kobold demonologists (D:12)
  4 trolls
  4 polar bears (Lair:6)
  7 hornets
  2 tyrant leeches
  4 blink frogs (Lair:1)
  A bog body (Swamp:4)
  2 dream sheep (D:8)
  5 hippogriffs
  15 spriggans
  A shadow (D:12)
  4 wyverns
  22 yaks
  2 wraiths (Orc:1)
  Grum (D:8)
  2 basilisks
  A steam dragon (D:9)
  2 vampire mosquitoes (Swamp:3)
  2 hungry ghosts
  2 wargs (Orc:1)
  A soldier ant (D:13)
  11 water moccasins
  2 sky beasts
  10 orc warriors
  5 porcupines
  9 black bears
  3 swamp drakes
  3 phantoms
  4 boggarts (Lair:6)
  7 ogres
  A centaur (D:5)
  32 wolves
  10 crocodiles
  4 big kobolds
  8 bullfrogs
  2 gnoll sergeants
  7 scorpions
  6 killer bees (D:11)
  3 wights (D:12)
  2 howler monkeys (D:8)
  3 crimson imps
  4 jellies
  A quasit (D:11)
  3 bullfrog zombies
  9 orc priests
  5 centaur skeletons
  3 centaur zombies
  4 hounds
  A bullfrog skeleton (D:12)
  12 orc wizards
  6 iguanas
  6 hell rats (Lair:6)
  5 worker ants
  3 hound skeletons
  A howler monkey zombie (D:5)
  Robin (D:2)
  2 worker ant zombies
  10 gnolls
  A howler monkey skeleton (D:8)
  11 adders
  6 shadow imps
  2 oozes
  An adder skeleton (D:8)
  An adder zombie (D:8)
  2 worms
  3 dart slugs
  5 leopard geckos
  35 orcs
  3 giant cockroaches
  14 hobgoblins
  8 jackals
  6 quokkas
  2 ball pythons (D:1)
  9 bats
  6 frilled lizards
  21 goblins
  A jackal skeleton (D:8)
  15 kobolds
  3 rats
  7 fungi
  5 plants
528 creatures vanquished.

Vanquished Creatures (collateral kills)
  A very ugly thing (Swamp:3)
  Josephine (Orc:1)
  A fire dragon (Swamp:4)
  3 hydras
  A ghost crab (Swamp:3)
  An alligator (Swamp:3)
  An orc high priest (Orc:2)
  2 swamp dragons
  An orc knight (Orc:2)
  An orc sorcerer (Orc:2)
  A manticore (D:8)
  2 elephants (Lair:5)
  A komodo dragon (Lair:5)
  A tyrant leech (Swamp:4)
  A polar bear (Lair:6)
  A bog body (Swamp:1)
  A hippogriff (D:9)
  A yak (Lair:3)
  A wraith (Orc:1)
  3 orc warriors (Orc:2)
  A swamp drake (Swamp:1)
  An ogre (Orc:2)
  A crocodile (Lair:5)
  A bullfrog (Lair:5)
  An orc priest (Orc:2)
  An orc wizard (Orc:2)
  A gnoll (D:2)
  A bat (D:1)
  2 giant cockroaches
  A kobold (D:1)
  A butterfly (Lair:2)
  3 fungi
  7 plants
48 creatures vanquished.

Vanquished Creatures (others)
  A spriggan druid (Swamp:4)
  2 lindwurms (Swamp:4)
  3 spriggans (Swamp:4)
  2 swamp drakes (Swamp:4)
  An orc priest (D:9)
  A fungus (Lair:4)
  4 plants (Lair:6)
14 creatures vanquished.

Grand Total: 590 creatures vanquished

Notes
Turn   | Place    | Note
-------+----------+-------------------------------------------
     0 | D:1      | Irenicus the Deep Dwarf Necromancer began the quest for the Orb.
     0 | D:1      | Reached XP level 1. HP: 15/15 MP: 3/3
   157 | D:1      | Learned a level 1 spell: Animate Skeleton
   209 | D:1      | Reached XP level 2. HP: 19/22 MP: 0/4
   223 | D:1      | Reached skill level 5 in Necromancy
   894 | D:1      | Reached skill level 1 in Axes
  1013 | D:2      | Reached XP level 3. HP: 24/28 MP: 3/6
  1025 | D:2      | Learned a level 3 spell: Vampiric Draining
  1087 | D:2      | Reached skill level 2 in Axes
  1278 | D:2      | Found a sparkling altar of Nemelex Xobeh.
  1376 | D:2      | Noticed Robin
  1386 | D:2      | Reached skill level 3 in Axes
  1397 | D:2      | Reached XP level 4. HP: 13/36 MP: 2/7
  1625 | D:2      | Found a sacrificial altar of Ru.
  1667 | D:2      | Reached skill level 4 in Axes
  1671 | D:2      | HP: 1/36 [goblin/stone[Robin] (1)]
  1959 | D:2      | Killed Robin
  1959 | D:2      | Reached XP level 5. HP: 14/42 MP: 0/8
  2407 | D:3      | Found a snail-covered altar of Cheibriados.
  2537 | D:4      | Reached skill level 5 in Axes
  2588 | D:4      | Noticed a hungry ghost
  2633 | D:4      | Killed a hungry ghost
  2633 | D:4      | Reached skill level 6 in Axes
  2633 | D:4      | Reached XP level 6. HP: 23/49 MP: 7/9
  3076 | D:4      | Reached skill level 7 in Axes
  3209 | D:5      | Entered Level 5 of the Dungeon
  3302 | D:5      | Noticed a sky beast
  3321 | D:5      | Killed a sky beast
  3321 | D:5      | Reached XP level 7. HP: 12/55 MP: 0/10
  3382 | D:5      | Reached skill level 8 in Axes
  3418 | D:5      | Found a stormy altar of Qazlal.
  3450 | D:5      | Found an opulent altar of Gozag.
  3603 | D:6      | Found a bloodstained altar of Trog.
  3967 | D:6      | Reached skill level 9 in Axes
  4131 | D:5      | Reached XP level 8. HP: 61/62 MP: 1/11
  4172 | D:7      | Reached skill level 10 in Axes
  4431 | D:7      | Noticed geeseburger's ghost (novice GrFi)
  4491 | D:7      | Found a staircase to the Ecumenical Temple.
  4496 | Temple   | Entered the Ecumenical Temple
  4567 | Temple   | Became a worshipper of Makhleb the Destroyer
  4609 | D:7      | Reached skill level 11 in Axes
  4689 | D:8      | Noticed Maurice
  4711 | D:8      | Reached skill level 13 in Axes
  4711 | D:8      | Reached skill level 10 in Invocations
  4711 | D:8      | Gained mutation: You passively map the area around you. [Deep Dwarf growth]
  4711 | D:8      | Reached XP level 9. HP: 28/68 MP: 16/16
  4750 | D:8      | Killed Maurice
  4750 | D:8      | Reached skill level 14 in Axes
  4802 | D:8      | Noticed a two-headed ogre
  4803 | D:8      | Noticed Grum
  4809 | D:8      | Reached XP level 10. HP: 71/96 MP: 9/17
  4972 | D:8      | Found a shimmering altar of Xom.
  5044 | D:8      | Noticed Psyche
  5056 | D:8      | Killed Psyche
  5057 | D:8      | Noticed Jazqa's ghost (novice NaFi)
  5321 | D:7      | Killed geeseburger's ghost
  5321 | D:7      | Reached XP level 11. HP: 28/103 MP: 18/18
  5555 | D:8      | Learned a level 4 spell: Control Undead
  5608 | D:8      | Reached * piety under Makhleb
  5711 | D:8      | Killed Grum
  6405 | D:8      | a two-headed ogre changed into a manticore
  6489 | D:8      | Reached skill level 5 in Dodging
  6697 | D:9      | Found a staircase to the Orcish Mines.
  6747 | D:9      | Noticed Gastronok
  6773 | D:9      | Killed Gastronok
  6833 | D:9      | Found a bloodstained altar of Trog.
  6841 | D:9      | Found Taezuq's Assorted Antiques.
  6844 | D:9      | Bought a glowing hand axe for 162 gold pieces
  6844 | D:9      | Bought an emerald potion for 24 gold pieces
  6846 | D:9      | Bought an ivory wand for 108 gold pieces
  6846 | D:9      | Bought a tubular golden ring for 135 gold pieces
  6871 | D:9      | Noticed a two-headed ogre
  6882 | D:9      | Killed a two-headed ogre
  6899 | D:9      | Reached ** piety under Makhleb
  7026 | D:9      | Found a shadowy altar of Dithmenos.
  7080 | D:9      | Found a blossoming altar of Fedhas.
  7081 | D:9      | Found a shattered altar of Ashenzari.
  7089 | D:9      | Gained mutation: You are clumsy. (Dex -2) [mutagenic meat]
  7090 | D:9      | Gained mutation: Your flesh is cold resistant. (rC+) [mutagenic meat]
  7091 | D:9      | Gained mutation: You are weak. (Str -2) [mutagenic meat]
  7092 | D:9      | Gained mutation: You have large cloven feet. [mutagenic meat]
  7093 | D:9      | Gained mutation: You are dopey. (Int -2) [mutagenic meat]
  7094 | D:9      | Gained mutation: You evolve. [mutagenic meat]
  7148 | D:10     | Entered Level 10 of the Dungeon
  7241 | D:10     | Found a staircase to the Lair.
  7453 | D:10     | Reached XP level 12. HP: 114/114 MP: 19/19
  7665 | D:11     | Found an opulent altar of Gozag.
  7763 | D:11     | Noticed Urug
  7775 | D:11     | Killed Urug
  7849 | D:11     | Noticed a six-headed hydra
  8000 | D:11     | Reached *** piety under Makhleb
  8025 | D:11     | Killed a six-headed hydra
  8223 | D:12     | Reached skill level 10 in Dodging
  8741 | D:12     | Found Touwat's Changing Room.
  8769 | D:12     | Bought 4 mutagenic chunks of flesh for 6 gold pieces
  8769 | D:12     | Gained mutation: Your system is resistant to poisons. (rPois) [mutagenic meat]
  8771 | D:12     | Gained mutation: You occasionally shout uncontrollably at your foes. [mutagenic meat]
  8926 | D:13     | Noticed a death knight
  8939 | D:13     | Killed a death knight
  9117 | Orc:1    | Entered Level 1 of the Orcish Mines
  9130 | Orc:1    | Reached **** piety under Makhleb
  9149 | Orc:1    | Learned a level 4 spell: Animate Dead
  9209 | Orc:1    | Noticed Josephine
  9229 | Orc:1    | Killed Josephine
  9470 | Orc:2    | Entered Level 2 of the Orcish Mines
  9470 | Orc:2    | Noticed Frank's ghost (journeyman OpFi)
  9606 | Orc:2    | Found Bethoaga's Antique Weapon Shoppe.
  9617 | Orc:2    | Noticed an orc high priest
  9619 | Orc:2    | Noticed an orc high priest
  9630 | Orc:2    | Killed an orc high priest
  9643 | Orc:2    | Noticed an orc high priest
  9768 | Orc:2    | Found a staircase to the Elven Halls.
  9797 | Orc:2    | Gained mutation: Armour fits poorly on your strangely shaped body. [a neqoxec]
  9798 | Orc:2    | Killed an orc high priest
  9944 | Orc:2    | Reached XP level 13. HP: 50/121 MP: 13/20
 10021 | Orc:2    | Found Teahuh's Gadget Boutique.
 10075 | Orc:2    | Killed Frank's ghost
 10153 | Orc:2    | Found Cuptint's Magic Scroll Shoppe.
 10207 | Orc:2    | Found Otiuq's Weapon Boutique.
 10220 | Orc:2    | Found Ugaptinu's Weapon Boutique.
 10247 | Orc:2    | Bought the +3 broad axe of the Solstice {flame, Dex+2} for 434 gold pieces
 10272 | Orc:2    | Reached ***** piety under Makhleb
 10743 | Lair:1   | Entered Level 1 of the Lair of Beasts
 11061 | Lair:1   | Reached skill level 15 in Axes
 11409 | Lair:1   | Identified a scroll of acquirement
 11646 | Lair:2   | Found a staircase to the Snake Pit.
 12192 | Lair:2   | Reached skill level 16 in Axes
 12220 | Lair:2   | Noticed Harold
 12228 | Lair:2   | Killed Harold
 12366 | Lair:2   | Gained mutation: You are partially covered in large bone plates. (SH +4) [evolution]
 13405 | Lair:4   | Found a staircase to the Swamp.
 13450 | Lair:4   | Gained mutation: You resist negative energy. (rN+) [Deep Dwarf growth]
 13450 | Lair:4   | Reached XP level 14. HP: 129/129 MP: 10/21
 13782 | Lair:5   | Reached skill level 17 in Axes
 13890 | Lair:5   | Got a bound glass ring
 14310 | Lair:6   | Entered Level 6 of the Lair of Beasts
 14312 | Lair:6   | Identified the ring "Gecad" {*Contam rPois Int+4 Stlth-} (You found it on level 5 of the Lair of Beasts)
 14313 | Lair:6   | Lost mutation: Armour fits poorly on your strangely shaped body. [potion of mutation]
 14313 | Lair:6   | Lost mutation: Your system is resistant to poisons. (rPois) [potion of mutation]
 14313 | Lair:6   | Gained mutation: Potions are less effective at restoring your health. [potion of mutation]
 14313 | Lair:6   | Lost mutation: You are clumsy. (Dex -2) [potion of mutation]
 14313 | Lair:6   | Gained mutation: You are surrounded by a mild repulsion field. (EV +2) [potion of mutation]
 14441 | Lair:6   | Reached skill level 18 in Axes
 14451 | Lair:6   | Reached ****** piety under Makhleb
 14580 | Lair:6   | Lost mutation: You occasionally shout uncontrollably at your foes. [evolution]
 14692 | Lair:6   | Found a staircase to the Slime Pits.
 14692 | Lair:6   | Found a viscous altar of Jiyva.
 15235 | Swamp:1  | Entered Level 1 of the Swamp
 15384 | Swamp:3  | Noticed a red very ugly thing
 15391 | Swamp:3  | Killed a red very ugly thing
 15392 | Swamp:3  | Reached skill level 19 in Axes
 15440 | Swamp:4  | Entered Level 4 of the Swamp
 15571 | Swamp:4  | Reached skill level 10 in Fighting
 15578 | Swamp:4  | Noticed Donald
 15599 | Swamp:4  | Annihilated by Donald

Skill      XL: |  1  2  3  4  5  6  7  8  9 10 11 12 13 14 |
---------------+-------------------------------------------+-----
Necromancy     | 5 6 7 9 |  9.0
Spellcasting   | 2 |  2.0
Axes           | 1 3 4 6 7 9 13 14 16 19 | 19.0
Invocations    | 10 | 10.5
Fighting       | 7 9 10 | 10.1
Dodging        | 8 13 | 13.0
Stealth        | |  2.4

Action                   |  1- 3 |  4- 6 |  7- 9 | 10-12 | 13-15 || total
-------------------------+-------+-------+-------+-------+-------++-------
Melee: Whip              |    42 |     5 |     3 |     4 |       ||    54
       Hand axe          |    10 |   141 |   116 |   508 |    90 ||   865
       War axe           |       |       |       |    27 |       ||    27
       Broad axe         |       |       |       |       |   696 ||   696
 Cast: Pain              |    56 |    17 |     4 |    13 |     6 ||    96
       Animate Skeleton  |     4 |     7 |     1 |    11 |    12 ||    35
       Vampiric Draining |     2 |    37 |    50 |   228 |    96 ||   413
       Control Undead    |       |       |       |     7 |       ||     7
       Animate Dead      |       |       |       |     1 |    17 ||    18
Invok: Lesser Servant of |       |       |       |     2 |     1 ||     3
Evoke: Wand              |       |       |     4 |    13 |       ||    17
       Lightning rod     |       |       |       |     4 |     3 ||     7
  Use: Scroll            |       |     4 |     6 |     9 |    10 ||    29
       Potion            |       |     2 |     2 |    12 |     4 ||    20
 Stab: Invisible         |       |       |       |     2 |       ||     2
       Sleeping          |       |       |       |     4 |     6 ||    10
       Distracted        |       |       |       |     1 |     5 ||     6
       Confused          |       |       |       |     1 |     2 ||     3
  Eat: Chunk             |     2 |    26 |    11 |    55 |    32 ||   126
       Fruit             |       |     2 |       |     4 |       ||     6
       Royal jelly       |       |     1 |       |       |       ||     1
       Meat ration       |       |       |       |     1 |       ||     1
Armor: Robe              |     9 |       |       |       |       ||     9
       Leather armour    |     3 |    56 |    24 |    41 |       ||   124
       Skin              |       |       |       |    64 |     3 ||    67
       Steam dragon scal |       |       |       |   103 |   119 ||   222
Dodge: Dodged            |    48 |   119 |    81 |   459 |   783 ||  1490
Block: Other             |       |       |       |       |    99 ||    99
